 Dungeon Crawl Stone Soup version 0.31-a0-1612-g4aaf141004 (webtiles) character file.

Game seed: 12273326586491143400

284 dorian the Covered (level 6, -2/52 HPs)
             Began as an Armataur Berserker on Jan 9, 2024.
             Was a Believer of Trog.
             Splashed by a jelly's acid (3 damage)
             ... on level 4 of the Dungeon.
             The game lasted 00:02:51 (2600 turns).

dorian the Covered (Armataur Berserker)             Turns: 2600, Time: 00:02:51

Health: -2/52      AC: -1    Str: 24    XL:     6   Next: 7%
Magic:  6/6        EV:  9    Int:  8    God:    Trog [**....]
Gold:   97         SH:  0    Dex:  9    Spells: 5/5 levels left

rFire   . . .        a - +0 mace
rCold   . . .        (no shield)
rNeg    . . .        n - +0 ring mail
rPois   .            (no helmet)
rElec   .            (no cloak)
rCorr   .            (no gloves)
SInv    .            (no barding)
Will    .....        (no amulet) Stlth
                     (no ring)
HPRegen 0.28/turn    (no ring)
MPRegen 0.10/turn

%: roll
@: corroded, on berserk cooldown
A: large, deformed body, tough skin 3, armoured tail, roll 1
a: Renounce Religion, Berserk, Trog's Hand


You were on level 4 of the Dungeon.
You worshipped Trog.
Trog was pleased with you.
You visited 1 branch of the dungeon, and saw 4 of its levels.

You collected 97 gold pieces.

Inventory:

Hand Weapons
 a - a +0 mace (weapon)
 o - a +0 flail
Missiles
 k - 6 boomerangs (quivered)
Armour
 b - a +0 animal skin
 e - a +0 leather armour
 n - a +0 ring mail (worn)
Jewellery
 h - a ring of ice
Scrolls
 c - 3 scrolls of identify {unknown}
 f - a scroll of poison {unknown}
 g - 2 scrolls of immolation {unknown}
 i - 2 scrolls of teleportation {unknown}
 m - a scroll of enchant armour {unknown}
Potions
 d - 2 potions of enlightenment {unknown}
 j - a potion of heal wounds {unknown}
 l - a potion of magic {unknown}


   Skills:
 + Level 4.2 Fighting
 + Level 4.2 Maces & Flails
 + Level 4.8 Armour
 - Level 1.3 Dodging


You had 5 spell levels left.
You didn't know any spells.
Your spell library was empty.

Dungeon Overview and Level Annotations

Branches:
Dungeon (4/15)
 Temple: D:4-7

Altars:
Ru


Innate Abilities, Weirdness & Mutations

Armour fits poorly on your strangely shaped body.
You have extremely tough skin. (AC +3)
You have a long armoured tail.
You regenerate magic when rolling toward enemies. (Rampage MPRegen)


Message History

You hit the kobold but do no damage.
Your tail-slap misses the kobold.
The kobold is heavily wounded.
The kobold completely misses you. The kobold hits you but does no damage.
You closely miss the kobold.
The kobold is heavily wounded.
The kobold hits you but does no damage. The kobold hits you with a +0 dagger.
You sock the kobold!
You kill the kobold!
Trog accepts your kill.
No target in view!
No target in view!
You see here a hobgoblin corpse.
You see here a +0 flail.
o - a +0 flail
d - 2 orange potions (gained 1)
You feel yourself speed up.
A jelly comes into view.
Found 5 gold pieces.
The jelly quivers.
The jelly hits you. The acid corrodes you!
You are splashed with acid!
You hit the jelly but do no damage.
Your hands burn!
You tail-slap the jelly.
The jelly is lightly wounded.
The jelly hits you. The acid corrodes you!
You are splashed with acid!
You hit the jelly.
Your hands burn!
The jelly is heavily wounded.
The jelly hits you.
You are splashed with acid.
* * * LOW HITPOINT WARNING * * *
You are too injured to fight recklessly!
You are too injured to fight recklessly!
You are too injured to fight recklessly!
You're still recovering from your berserk rage.
You hit the jelly. The acid corrodes you!
Your hands burn!
* * * LOW HITPOINT WARNING * * *
The jelly is heavily wounded.
The jelly closely misses you. The jelly hits you.
* * * LOW HITPOINT WARNING * * *
You are splashed with acid!
* * * LOW HITPOINT WARNING * * *
You hit the jelly.
Your hands burn!
You die...

#.........####
.....####.....#
..... #.....#
..... #.....#
.. #.....#
#.....# #.....#
#.....#####
#####.@J..#
#.....# #.....#
#.....# #.....#
#.....# #...$.#
#######


You could see a jelly.

Vanquished Creatures
  Sigmund (D:4)
  A bombardier beetle (D:3)
  A gnoll (D:1)
  2 adders
  2 ufetubi (D:3)
  2 dart slugs (D:3)
  2 ribbon worms
  An orc (D:2)
  5 ball pythons
  A bat (D:3)
  5 endoplasms
  3 giant cockroaches (D:1)
  5 hobgoblins
  3 jackals (D:3)
  6 kobolds
  3 quokkas
  5 frilled lizards
  7 goblins
  6 rats
61 creatures vanquished.

Notes
Turn   | Place    | Note
-------+----------+-------------------------------------------
     0 | D:1      | dorian the Armataur Berserker began the quest for the Orb.
     0 | D:1      | Reached XP level 1. HP: 18/18 MP: 1/1
   218 | D:1      | Reached XP level 2. HP: 21/25 MP: 2/2
   349 | D:1      | Reached XP level 3. HP: 24/31 MP: 3/3
  1100 | D:2      | Found a sacrificial altar of Ru.
  1127 | D:2      | Reached ** piety under Trog
  1725 | D:3      | Reached XP level 4. HP: 38/38 MP: 4/4
  2438 | D:3      | Reached XP level 5. HP: 46/46 MP: 5/5
  2548 | D:4      | Noticed Sigmund
  2557 | D:4      | Killed Sigmund
  2558 | D:4      | Reached XP level 6. HP: 52/52 MP: 6/6
  2599 | D:4      | HP: 1/52 [acid (9)]
  2600 | D:4      | Splashed by a jelly's acid

Illustrated notes

Levels and vault maps discovered:
D:1:      minmay_arrival_pointy, layout_loops_corners, minmay_worlds_worst_comb
D:2:      layout_rooms, basic_altar, kennysheep_cross_room,
          roderic_roman_lattice
D:3:      layout_basic
D:4:      layout_gridville, hellmonk_okawaru_the_only_friend_you_need,
          uniq_sigmund, uniq_grinder

Skill      XL: |  1  2  3  4  5 |
---------------+----------------+-----
Fighting       | 3 4 |  4.2
Maces & Flails | 3 4 |  4.2
Armour         | 3 4 |  4.8
Dodging        | |  1.3

Action                     |  1- 3 |  4- 6 || total
---------------------------+-------+-------++-------
  Melee: Mace              |   117 |    88 ||   205
         Tailslap          |    14 |     5 ||    19
 Invoke: Berserk           |       |     3 ||     3
         Trog's Hand       |       |     1 ||     1
   Stab: Sleeping          |     3 |       ||     3
 Armour: Animal skin       |    57 |       ||    57
         Leather armour    |    24 |    72 ||    96
         Ring mail         |       |    17 ||    17
  Dodge: Dodged            |    55 |    64 ||   119

Table legend: (Time is in decaauts)
 A = Elapsed time spent in this place.
 B = Non-inter-level travel time spent in this place.
 C = Inter-level travel time spent in this place.
 D = Time resting spent in this place.
 E = Time spent auto-exploring this place.
 F = Levels seen in this place.
 G = Mean time per level.
                   A        B        C        D        E       F      G
               +--------+--------+--------+--------+--------+-----+--------+
         Total |   2682 |   2627 |     55 |     54 |   2098 |   4 |  670.5 |
       Dungeon |   2682 |   2627 |     55 |     54 |   2098 |   4 |  670.5 |
               +--------+--------+--------+--------+--------+-----+--------+

Top non-repeatable levels by time:
     D:1: 999 daAuts
     D:3: 971 daAuts
     D:2: 642 daAuts
     D:4: 68 daAuts
